 Dungeon Crawl Stone Soup version 0.31-a0-1002-g8e65716e6e (webtiles) character file.

Game seed: 10926157738691346162

63 Descartes the Changeling (level 3, -7/15 HPs)
             Began as a Felid Shapeshifter on Nov 10, 2023.
             Mangled by a gnoll
             ... wielding a +0 halberd of venom
              (9 damage)
             ... on level 2 of the Dungeon.
             The game lasted 00:02:10 (858 turns).

Descartes the Changeling (Felid Shapeshifter)        Turns: 858, Time: 00:02:10

Health: -7/15      AC:  1    Str: 12    XL:     3   Next: 89%
Magic:  4/4        EV: 17    Int: 11    God:
Gold:   75         SH:  0    Dex: 15    Spells: 2/2 levels left
                                        Lives:  0   Deaths: 1

rFire   . .          .
                       - Unarmed
rCold   . . .        (shield unavailable)
rNeg    . . .        (body armour unavailable)
rPois   .            (helmet unavailable)
rElec   .            (cloak unavailable)
rCorr   .            (gloves unavailable)
SInv    +            (boots unavailable)
Will    .....        (no amulet)
Stlth   +            (no ring)
HPRegen 0.22/turn    (no ring)
MPRegen 0.09/turn

%: no passive effects
@: lethally poisoned (-7 -> -14), beast-form, quick
A: beast (slay +2), very small, claws 1, fangs 3, see invisible, speed 1, shaggy
fur 1, stealthy paws, no weapons or thrown items, no armour, multi-lived
a: Begin Untransformation


You were on level 2 of the Dungeon.
You were a hulking beast.
You visited 1 branch of the dungeon, and saw 2 of its levels.

You collected 75 gold pieces.

Inventory:

Jewellery
 f - a +5 ring of evasion
Talismans
 b - a beast talisman
 c - a flux talisman
Scrolls
 e - 2 scrolls of identify {unknown}
Potions
 a - a potion of lignification
 d - a potion of haste {unknown}


   Skills:
 - Level 1.0 Fighting
 - Level 2.6 Dodging
 + Level 4.0 Unarmed Combat
 + Level 4.2 Shapeshifting


You had 2 spell levels left.
You didn't know any spells.
Your spell library was empty.

Dungeon Overview and Level Annotations

Branches:
Dungeon (2/15)

Altars:


Innate Abilities, Weirdness & Mutations

You are a hulking beast.
Your limbs bulge with bestial killing power. (Slay +2)
You have sharp claws.
You have razor-sharp teeth.
You have supernaturally acute eyesight. (SInv)
You cover ground quickly. (Speed+)
You are covered in fur. (AC +1)
Your paws help you pounce on unaware monsters.
You are incapable of wielding weapons or throwing items.
You cannot wear armour.
You gain extra lives every three experience levels.


Message History

The gnoll hits you from afar with a +0 halberd of venom!
You are lethally poisoned!
The gnoll hits you with a +0 spear!
Ouch! That really hurt!
You die...
Your shape twists and changes as you die.
You rejoin the land of the living...
The gnoll completely misses you.
You closely miss the gnoll.
The gnoll is heavily wounded.
A hobgoblin comes into view.
The gnoll misses you.
The hobgoblin shouts!
You claw the gnoll!
The gnoll is almost dead.
The gnoll completely misses you. The gnoll barely misses you.
You scratch the gnoll.
You kill the gnoll!
The gnoll closely misses you. The gnoll hits you with a +0 flail!
Your Unarmed Combat skill increases to level 4!
You closely miss the gnoll.
The gnoll hits you from afar with a +0 halberd of venom.
* * * LOW HITPOINT WARNING * * *
You are lethally poisoned!
The gnoll barely misses you.
You are too injured to fight recklessly!
You are too injured to fight recklessly!
You are too injured to fight recklessly!
You are too injured to fight recklessly!
You are too injured to fight recklessly!
You are too injured to fight recklessly!
You are too injured to fight recklessly!
You are too injured to fight recklessly!
You are too injured to fight recklessly!
Unknown command.
* * * LOW HITPOINT WARNING * * *
You feel sick. The gnoll attacks as it pursues you!
The gnoll hits you from afar with a +0 halberd of venom!
Ouch! That really hurt!
You die...

###### ... #....# ...
####.##.#########
....###....#..........#
..........>#.h#######.#
....##....#..# #.#
#.......#gg## #.########
######.....#...#### #..)....<#
............g.....############
...............#......
#............##..##.##
..#.#..........#.#..# #
...#.##......##.#...#


You could see 2 gnolls and a hobgoblin.

Vanquished Creatures
  2 gnolls (D:2)
  A worm (D:2)
  4 dart slugs (D:1)
  A bat (D:1)
  3 endoplasms (D:2)
  A giant cockroach (D:1)
  6 goblins
  3 hobgoblins (D:1)
  A quokka (D:1)
  3 ball pythons
  A frilled lizard (D:1)
  2 kobolds (D:1)
  4 rats (D:1)
32 creatures vanquished.

Notes
Turn   | Place    | Note
-------+----------+-------------------------------------------
     0 | D:1      | Descartes the Felid Shapeshifter began the quest for the
                  | Orb.
     0 | D:1      | Reached XP level 1. HP: 9/9 MP: 2/2
    95 | D:1      | Reached XP level 2. HP: 5/12 MP: 3/3
   381 | D:1      | Reached XP level 3. HP: 12/15 MP: 4/4
   830 | D:2      | Slain by a gnoll
   858 | D:2      | Mangled by a gnoll

Illustrated notes

Levels and vault maps discovered:
D:1:      minmay_arrival_solitary_statue, layout_basic, bh_walls_and_bars
D:2:      layout_basic, minmay_misc_feat_secret_circle, grunt_decor_resistance

Skill      XL: |  1  2  3 |
---------------+----------+-----
Shapeshifting  | 4 |  4.2
Unarmed Combat | 4 |  4.0
Fighting       | |  1.0
Dodging        | |  2.6

Action                     || total
---------------------------++-------
  Melee: Unarmed           ||    77
         Bite              ||     5
         Punch             ||     2
 Armour: Skin              ||    24
  Dodge: Dodged            ||    64

Table legend: (Time is in decaauts)
 A = Elapsed time spent in this place.
 B = Non-inter-level travel time spent in this place.
 C = Inter-level travel time spent in this place.
 D = Time resting spent in this place.
 E = Time spent auto-exploring this place.
 F = Levels seen in this place.
 G = Mean time per level.
                   A        B        C        D        E       F      G
               +--------+--------+--------+--------+--------+-----+--------+
         Total |    725 |    700 |     25 |      0 |    459 |   2 |  362.5 |
       Dungeon |    725 |    700 |     25 |      0 |    459 |   2 |  362.5 |
               +--------+--------+--------+--------+--------+-----+--------+

Top non-repeatable levels by time:
     D:1: 555 daAuts
     D:2: 170 daAuts
